Map: Orbital Shipyard

Players

Spellchansky

  • Race: Protoss Protoss
  • League: Master

SolaCe (Nina) - Winner!

  • Race: Protoss Protoss
  • League: Diamond

Event: ASL Season 5 Prime League LOTV Beta

VOD

Have the link to the VOD?

Description

Time

  • Played on: Sept. 19, 2015, 9:33 p.m.
  • Length: 16:47

All games in this series

Show
View Real Time Build Order
Export as new Build Order

Spellchansky Protoss 

Build Orders: Oracle Opening 

Get SALT Encoding   

  12  0:00  Probe (Chrono Boost)  
  13  0:10  Probe (Chrono Boost)  
  14  0:22  Probe (Chrono Boost), Pylon  
  15  0:40  Probe (Chrono Boost)  
  16  0:44  Gateway  
  16  0:50  Probe (Chrono Boost)  
  16  0:52  Assimilator  
  17  1:00  Probe (Chrono Boost)  
  17  1:02  Assimilator  
  18  1:09  Probe (Chrono Boost)  
  19  1:13  Gateway  
  19  1:19  Probe (Chrono Boost)  
  20  1:29  Probe (Chrono Boost)  
  21  1:33  Cybernetics Core  
  21  1:39  Probe (Chrono Boost)  
  22  1:44  Pylon  
  22  1:49  Probe (Chrono Boost)  
  23  2:02  Probe (Chrono Boost)  
  24  2:09  Nexus  
  24  2:13  Mothership Core (Chrono Boost)  
  26  2:24  Stargate  
  26  2:28  Warp Gate  
  26  2:31  Probe (Chrono Boost)  
  27  2:37  Pylon  
  27  2:40  Probe (Chrono Boost)  
  28  2:45  Adept  
  28  2:50  Probe (Chrono Boost)  
  31  2:59  Adept  
  31  3:00  Probe (Chrono Boost)  
  34  3:08  Oracle (Chrono Boost)  
  34  3:11  Probe  
  38  3:19  Probe  
  38  3:23  Probe  
  40  3:29  Probe  
  41  3:35  Probe  
  41  3:40  Probe (Chrono Boost)  
  42  3:42  Twilight Council  
  42  3:46  Probe (Chrono Boost)  
  44  3:51  Gateway  
  44  3:53  Probe (Chrono Boost)  
  45  3:57  Probe (Chrono Boost)  
  46  4:04  Assimilator  
  46  4:05  Probe (Chrono Boost), Pylon  
  46  4:08  Probe (Chrono Boost)  
  46  4:09  Assimilator  
  48  4:11  Robotics Facility  
  49  4:17  Probe (Chrono Boost)  
  49  4:18  Probe (Chrono Boost)  
  50  4:27  Probe (Chrono Boost)  
  51  4:37  Adept x2  
  51  4:38  Probe  
  55  4:40  Probe  
  57  4:47  Pylon  
  57  4:48  Probe  
  57  4:52  Probe  
  59  4:55  Forge  
  59  4:57  Probe  
  59  4:58  Pylon  
  59  4:59  Observer  
  60  5:06  Shield Upgrade (Chrono Boost)  
  61  5:11  Protoss Ground Weapons Level 1 (Chrono Boost)  
  61  5:18  Nexus  
  61  5:19  Immortal (Chrono Boost)  
  65  5:22  Pylon  
  65  5:30  Robotics Bay  
  65  5:36  Probe x2  
  67  5:44  Adept  
  67  5:45  Adept x2  
  73  5:50  Probe  
  73  5:51  Probe  
  73  5:56  Immortal (Chrono Boost)  
  79  6:06  Probe  
  79  6:09  Photon Cannon  
  79  6:11  Photon Cannon  
  80  6:12  Probe  
  81  6:20  Gateway  
  81  6:22  Gateway  
  81  6:25  Gateway  
  81  6:27  Probe  
  81  6:28  Colossus (Chrono Boost)  
  81  6:32  Pylon  
  88  6:47  Adept x3  
  88  6:52  Probe, Protoss Ground Weapons Level 2  
  88  6:53  Probe  
  88  6:54  Probe, Assimilator  
  96  6:55  Assimilator  
  96  6:59  Dark Shrine  
  97  7:04  Probe  
  97  7:05  Charge  
  98  7:09  Pylon  
  104  7:20  Probe  
  104  7:21  Probe  
  106  7:29  Pylon  
  106  7:30  Pylon x2  
  106  7:40  Adept x4, Zealot  
  110  7:54  Robotics Facility  
  110  7:56  Robotics Facility  
  110  8:00  Probe  
  110  8:02  Probe x2  
  110  8:04  Pylon  
  113  8:14  Probe  
  113  8:16  Adept  
  113  8:17  Adept, Zealot x2  
  113  8:18  Zealot x2  
  126  8:29  Photon Cannon  
  126  8:30  Pylon  
  126  8:31  Photon Cannon  
  126  8:44  Dark Templar x2  
  126  8:45  Dark Templar x4  
  138  8:57  Protoss Ground Weapons Level 3  
  137  9:08  Disruptor x2 (Chrono Boost)  
  143  9:10  Photon Cannon  
  143  9:15  Nexus  
  143  9:25  Blink  
  142  9:42  Disruptor x2 (Chrono Boost), Assimilator  
  148  9:46  Assimilator  
  140  9:55  Probe  
  131  10:02  Zealot x6  
  141  10:10  Probe x2  
  141  10:11  Disruptor (Chrono Boost), Pylon  
  141  10:12  Warp Prism (Chrono Boost)  
  148  10:15  Pylon  
  148  10:16  Gateway  
  148  10:18  Gateway  
  148  10:20  Gateway  
  148  10:21  Forge  
  148  10:22  Gateway  
  148  10:35  Zealot x6  
  144  10:37  Probe  
  144  10:40  Probe  
  144  10:41  Disruptor x2 (Chrono Boost)  
  140  10:56  Probe  
  140  11:01  Probe x3  
  140  11:03  Photon Cannon x4  
  144  11:07  Zealot x3  
  146  11:36  Zealot x3  
  146  11:38  Zealot  
  118  11:43  Colossus x2 (Chrono Boost)  
  118  11:46  Protoss Shields Level 1  
  96  11:52  Photon Cannon  
  96  11:58  Photon Cannon  
  94  12:04  Protoss Ground Armor Level 1  
  91  12:20  Stalker x3, Nexus  
  97  12:28  Observer x2 (Chrono Boost)  
  97  12:29  Dark Templar  
  101  12:30  Dark Templar x4  
  109  12:37  Archon x2  
  109  12:45  Disruptor x2 (Chrono Boost)  
  115  12:55  Zealot x2  
  115  12:56  Zealot x2  
  123  13:05  Zealot x5  
  133  13:13  Colossus x2 (Chrono Boost)  
  133  13:18  Pylon  
  145  13:21  Pylon  
  145  13:45  Zealot x2  
  149  13:57  Colossus x2 (Chrono Boost)  
  149  13:59  Templar Archives  
  159  14:03  Protoss Shields Level 2  
  156  14:11  Photon Cannon  
  156  14:13  Photon Cannon  
  156  14:15  Photon Cannon  
  156  14:26  Protoss Ground Armor Level 2  
  156  14:33  Assimilator  
  156  14:43  High Templar x3  
  156  14:44  High Templar x3  
  168  14:46  Archon x3  
  168  14:47  High Templar x2  
  168  14:49  Archon  
  116  15:23  Zealot x2  
  116  15:24  Zealot x6  
  97  15:36  Zealot  
  93  15:46  Colossus (Chrono Boost)  
  93  15:47  Colossus (Chrono Boost)  
  105  15:52  Zealot x3  
  105  15:53  Zealot  
  107  16:05  Zealot x3  
  107  16:10  Dark Templar  
  101  16:16  Zealot x2  
  101  16:17  Zealot  
  105  16:23  High Templar  
  105  16:24  High Templar  
  104  16:27  Archon  
  104  16:29  Zealot  
  104  16:30  Zealot x2  
Show
View Real Time Build Order
Export as new Build Order

SolaCe Protoss - Winner!

Build Orders:  

Get SALT Encoding   

  12  0:00  Probe (Chrono Boost)  
  13  0:11  Probe (Chrono Boost)  
  14  0:19  Pylon  
  14  0:21  Probe (Chrono Boost)  
  15  0:36  Probe (Chrono Boost)  
  15  0:38  Gateway  
  16  0:46  Probe (Chrono Boost)  
  16  0:48  Assimilator  
  17  0:54  Assimilator  
  17  0:56  Probe (Chrono Boost)  
  18  1:06  Probe (Chrono Boost)  
  19  1:16  Probe (Chrono Boost)  
  20  1:26  Cybernetics Core  
  20  1:27  Probe (Chrono Boost)  
  21  1:38  Probe (Chrono Boost)  
  22  1:47  Nexus  
  22  1:56  Pylon  
  22  1:57  Probe (Chrono Boost)  
  23  2:07  Warp Gate  
  23  2:14  Mothership Core (Chrono Boost), Adept  
  27  2:31  Probe (Chrono Boost)  
  28  2:39  Gateway  
  28  2:40  Gateway  
  28  2:43  Probe (Chrono Boost)  
  29  2:47  Pylon  
  29  2:53  Probe (Chrono Boost)  
  30  2:59  Probe (Chrono Boost)  
  30  3:02  Probe (Chrono Boost)  
  32  3:09  Probe (Chrono Boost)  
  32  3:10  Adept  
  35  3:12  Probe (Chrono Boost)  
  35  3:19  Probe (Chrono Boost)  
  37  3:23  Probe (Chrono Boost), Robotics Facility  
  38  3:29  Probe (Chrono Boost)  
  38  3:33  Probe (Chrono Boost)  
  40  3:39  Probe (Chrono Boost)  
  41  3:43  Twilight Council, Probe (Chrono Boost)  
  42  3:49  Probe (Chrono Boost)  
  42  3:51  Pylon  
  42  3:53  Probe (Chrono Boost)  
  44  3:59  Probe (Chrono Boost)  
  45  4:03  Probe (Chrono Boost)  
  45  4:08  Probe (Chrono Boost)  
  47  4:12  Observer  
  47  4:13  Probe (Chrono Boost)  
  49  4:18  Probe (Chrono Boost)  
  49  4:21  Blink (Chrono Boost)  
  49  4:26  Probe (Chrono Boost)  
  49  4:30  Probe  
  50  4:32  Nexus  
  50  4:35  Assimilator  
  50  4:36  Assimilator  
  50  4:37  Probe, Pylon  
  52  4:40  Probe  
  52  4:43  Stalker  
  52  4:44  Stalker  
  57  4:50  Probe x2  
  58  5:00  Stalker, Probe  
  58  5:02  Probe  
  62  5:08  Gateway  
  62  5:10  Probe  
  62  5:12  Gateway  
  62  5:13  Gateway  
  63  5:14  Stalker  
  63  5:20  Probe  
  63  5:21  Probe  
  66  5:24  Stalker  
  69  5:32  Pylon  
  67  5:40  Stalker  
  69  5:43  Pylon  
  69  5:44  Probe  
  69  5:45  Stalker  
  69  5:47  Probe x2, Pylon x2  
  74  5:54  Probe, Forge  
  75  5:59  Probe (Chrono Boost)  
  76  6:06  Stalker  
  76  6:07  Stalker, Probe (Chrono Boost)  
  76  6:08  Probe (Chrono Boost)  
  82  6:11  Stalker  
  82  6:12  Probe (Chrono Boost)  
  82  6:17  Stalker x2, Probe (Chrono Boost), Protoss Ground Weapons Level 1 (Chrono Boost)  
  90  6:22  Probe (Chrono Boost)  
  90  6:25  Observer  
  93  6:29  Gateway  
  92  6:35  Photon Cannon  
  92  6:37  Probe  
  92  6:39  Probe  
  94  6:45  Probe, Warp Prism  
  94  6:49  Robotics Bay  
  95  6:55  Photon Cannon  
  95  6:58  Assimilator  
  95  7:02  Charge, Assimilator  
  95  7:13  Stalker x3  
  95  7:14  Stalker x3  
  105  7:26  Stalker  
  107  7:32  Stargate  
  107  7:41  Probe, Disruptor, Gravitic Drive  
  107  7:43  Protoss Ground Weapons Level 2  
  111  7:55  Probe x2, Zealot x2  
  111  7:56  Zealot  
  117  7:59  Pylon  
  117  8:02  Pylon  
  117  8:03  Pylon  
  117  8:04  Pylon x2  
  117  8:05  Pylon  
  113  8:15  Oracle (Chrono Boost)  
  113  8:16  Dark Shrine  
  113  8:19  Disruptor  
  119  8:27  Zealot x4  
  127  8:47  Zealot x2  
  127  8:48  Zealot x5  
  141  9:01  Nexus  
  139  9:03  Pylon  
  139  9:05  Pylon  
  139  9:07  Pylon  
  135  9:19  Disruptor (Chrono Boost), Oracle (Chrono Boost)  
  135  9:22  Gateway  
  135  9:23  Gateway  
  141  9:27  Gateway  
  133  9:40  Zealot x2  
  137  9:50  Warp Prism (Chrono Boost)  
  137  9:51  Zealot  
  137  9:52  Zealot x2  
  133  9:58  Probe  
  110  10:01  Photon Cannon  
  110  10:03  Photon Cannon  
  108  10:10  Zealot x3  
  114  10:16  Pylon  
  114  10:17  Templar Archives  
  114  10:18  Zealot x3  
  114  10:20  Observer (Chrono Boost)  
  114  10:30  Zealot  
  114  10:31  Zealot x5  
  117  10:37  Phoenix  
  117  10:39  Zealot x3  
  117  10:40  Zealot  
  115  10:50  Disruptor (Chrono Boost)  
  119  11:05  Dark Templar x2  
  122  11:13  Nexus  
  122  11:14  Dark Templar  
  122  11:15  Dark Templar  
  122  11:16  Oracle (Chrono Boost)  
  127  11:37  Zealot x3  
  127  11:38  Zealot x3  
  124  11:41  Zealot  
  124  11:46  Disruptor  
  116  11:56  Phoenix (Chrono Boost)  
  118  12:06  Stalker x3  
  122  12:11  Probe x2  
  124  12:16  Pylon  
  124  12:17  Probe, Pylon  
  125  12:24  Probe  
  125  12:26  Probe x2  
  125  12:29  Probe  
  128  12:34  Probe  
  128  12:35  Observer  
  130  12:47  High Templar x5  
  130  12:48  High Templar x4  
  130  12:49  Archon x2  
  130  12:51  Archon x4  
  148  12:57  Photon Cannon  
  148  13:04  Photon Cannon  
  148  13:08  Photon Cannon  
  148  13:18  Disruptor  
  137  13:30  Phoenix (Chrono Boost), High Templar x2  
  137  13:31  High Templar x2  
  137  13:33  Archon x2  
  147  13:36  Zealot x2, High Templar  
  147  13:37  Zealot x2  
  147  13:38  Archon  
  157  13:55  Observer  
  158  14:07  High Templar x2  
  158  14:08  High Templar x3  
  168  14:12  Stargate  
  168  14:14  Stargate  
  168  14:15  Disruptor, Archon  
  168  14:16  Archon, Assimilator  
  171  14:17  Assimilator  
  171  14:28  Fleet Beacon, Zealot x3  
  171  14:29  Zealot  
  171  14:30  Nexus  
  179  14:31  Pylon  
  179  14:32  Pylon  
  179  14:35  Pylon  
  179  14:37  Pylon  
  179  14:54  Disruptor (Chrono Boost)  
  179  14:56  Phoenix (Chrono Boost)  
  184  15:03  Zealot x4  
  184  15:04  Zealot x4  
  166  15:24  Disruptor (Chrono Boost)  
  147  15:40  Zealot x4  
  147  15:41  Zealot x5  
  157  15:54  Photon Cannon  
  157  15:55  Photon Cannon  
  157  16:00  Assimilator  
  140  16:04  Assimilator  
  140  16:09  Zealot x5  
  140  16:10  Zealot  
  134  16:12  Phoenix  
  134  16:14  Phoenix  
Tags
 
Add a new tag
Caveats
  • Supply blocks, unpowered buildings, or Contaminate may cause inaccurate times.
  • Supply counts are checked every 10 seconds.